Map: Acid Plant LE

Players

JohnGalt

  • Race: Terran Terran
  • League: Diamond
  • Spawn Location: 11:00

wing - Winner!

  • Race: Protoss Protoss
  • League: Diamond
  • Spawn Location: 5:00

VOD

Have the link to the VOD?

Description

Time

  • Played on: June 26, 2018, 12:17 a.m.
  • Length: 28:23
Show
View Real Time Build Order
Export as new Build Order

JohnGalt Terran 

Build Orders:  

Get SALT Encoding   

  12  0:01  SCV  
  13  0:13  SCV  
  14  0:18  Supply Depot  
  14  0:25  SCV  
  15  0:31  Refinery  
  15  0:40  SCV  
  16  0:47  Barracks  
  16  0:52  SCV  
  17  1:04  SCV  
  18  1:16  SCV  
  19  1:28  SCV  
  20  1:35  Reaper  
  21  1:40  Orbital Command  
  21  1:54  Command Center  
  21  2:07  SCV  
  22  2:13  Barracks Reactor  
  22  2:15  Barracks Tech Lab  
  22  2:18  Barracks Reactor  
  22  2:24  Factory  
  22  2:25  SCV  
  22  2:27  Supply Depot  
  23  2:33  Refinery  
  23  2:44  Barracks  
  23  2:49  SCV  
  24  3:01  SCV  
  24  3:03  Barracks Tech Lab  
  25  3:13  SCV, Orbital Command  
  26  3:22  Marauder  
  26  3:23  Concussive Shells  
  26  3:24  Hellion x2  
  26  3:25  SCV  
  33  3:30  Barracks Tech Lab  
  32  3:45  Hellion x2  
  36  3:50  Armory  
  36  3:52  SCV  
  37  3:56  Marauder  
  37  4:00  Supply Depot  
  39  4:05  Marauder  
  39  4:08  Supply Depot  
  41  4:23  Hellion, Marauder  
  41  4:24  Hellion  
  43  4:28  Marauder  
  45  4:45  Hellion x2  
  49  4:51  Marauder  
  49  4:52  Marauder  
  53  5:04  Supply Depot  
  53  5:06  Supply Depot  
  55  5:07  Hellion  
  55  5:10  Hellion  
  55  5:12  Marauder  
  53  5:36  Marauder  
  53  5:37  Hellion x2, Marauder  
  59  5:59  Hellion x2  
  67  6:06  SCV  
  67  6:07  SCV  
  69  6:12  Engineering Bay  
  69  6:14  Marauder x2  
  69  6:18  Engineering Bay  
  67  6:28  SCV x2  
  69  6:36  Marine  
  70  6:40  SCV x2  
  70  6:41  Barracks  
  70  6:42  Hellion x3, Combat Shields  
  70  6:43  Hellion x2  
  72  6:52  SCV  
  73  6:54  SCV  
  66  7:04  SCV  
  65  7:10  Terran Infantry Armor Level 1  
  65  7:11  Terran Infantry Weapons Level 1  
  65  7:12  Barracks  
  65  7:14  Missile Turret  
  65  7:16  Marine, Missile Turret  
  65  7:19  SCV  
  67  7:27  SCV  
  67  7:29  Barracks Reactor  
  68  7:31  Barracks  
  68  7:32  Barracks Tech Lab  
  68  7:33  SCV  
  68  7:34  Marine  
  70  7:39  SCV  
  71  7:45  SCV  
  71  7:46  Missile Turret  
  72  7:52  SCV, Marine  
  72  7:53  Supply Depot  
  72  7:55  Supply Depot  
  72  7:56  Stimpack  
  72  7:57  SCV  
  72  7:58  Command Center  
  75  8:01  Marauder  
  75  8:03  Barracks Reactor  
  75  8:05  Starport  
  77  8:11  Marine  
  77  8:12  Starport  
  78  8:15  SCV  
  78  8:17  Refinery  
  78  8:19  Refinery  
  79  8:21  Marine  
  79  8:22  Supply Depot  
  79  8:26  SCV, Marine  
  82  8:27  Marine  
  83  8:34  Armory, SCV  
  83  8:38  SCV, Marine  
  86  8:46  Marine x2  
  88  8:50  Starport Reactor  
  88  8:55  Missile Turret  
  88  8:56  Supply Depot, Marine  
  88  8:57  Marauder, Marine  
  91  9:02  Marine  
  91  9:06  Marine  
  94  9:10  Orbital Command  
  94  9:15  Marine  
  94  9:17  Barracks Reactor  
  94  9:18  Marine  
  94  9:19  SCV  
  94  9:20  Marine  
  94  9:22  Supply Depot  
  94  9:23  Terran Infantry Weapons Level 2  
  97  9:24  Marine  
  96  9:33  Marine  
  96  9:35  Marine  
  98  9:42  Marine  
  98  9:43  Viking x2  
  101  9:55  Marine x2  
  101  9:56  Marine x3  
  101  9:59  SCV x2  
  103  10:06  Marine  
  103  10:07  Orbital Command  
  104  10:12  Missile Turret  
  104  10:13  Marine x2  
  104  10:14  Marine x2  
  107  10:19  Marine  
  109  10:24  Marine  
  109  10:27  SCV  
  111  10:31  Marine x3  
  111  10:35  SCV x2  
  116  10:36  Missile Turret  
  116  10:37  Marauder  
  116  10:39  SCV  
  119  10:42  Terran Infantry Armor Level 2  
  116  10:54  Marauder, Marine  
  115  11:07  Marine  
  115  11:08  Marine x2  
  95  11:16  Marine x2  
  95  11:17  Medivac x2, SCV  
  92  11:23  Marine  
  92  11:25  SCV, Marine x2  
  94  11:32  Marine  
  97  11:33  Marine  
  97  11:34  Marine  
  100  11:40  SCV, Marine  
  100  11:42  Missile Turret x2  
  100  11:43  Marine x2  
  100  11:44  Missile Turret  
  103  11:49  Barracks Reactor  
  103  11:50  Marine  
  103  11:51  Marine x2  
  104  12:00  Marine  
  104  12:01  Marine x2  
  87  12:08  SCV x2  
  87  12:09  Marine x2  
  87  12:11  SCV, Marine  
  91  12:18  Marine  
  91  12:19  Marine  
  91  12:20  SCV  
  81  12:25  Missile Turret  
  81  12:26  Marine x2, Missile Turret  
  81  12:27  Marine x2  
  83  12:30  Missile Turret  
  83  12:31  Missile Turret  
  83  12:36  Marine  
  83  12:37  Marine  
  74  12:41  Viking x2  
  74  12:46  Barracks  
  74  12:47  Barracks  
  73  12:52  Missile Turret x2  
  60  13:22  Marine  
  60  13:24  Barracks Reactor  
  63  13:32  Marine  
  62  13:39  Marine  
  61  13:41  Barracks Reactor x2  
  61  13:43  Barracks  
  61  13:44  Barracks  
  61  13:50  Marine  
  61  13:52  Missile Turret  
  61  13:53  Missile Turret  
  62  13:56  Barracks Reactor  
  62  13:59  Command Center  
  62  14:02  SCV, Factory Tech Lab  
  64  14:03  SCV x2, Refinery x2  
  64  14:06  Terran Infantry Weapons Level 3  
  64  14:08  Marine  
  66  14:12  Marine  
  66  14:15  SCV  
  67  14:23  Missile Turret  
  67  14:24  Missile Turret  
  67  14:25  Marine, Missile Turret  
  67  14:29  Marine  
  68  14:32  Barracks Reactor  
  68  14:37  Marine x2  
  63  14:43  Marine  
  63  14:47  Marine  
  63  14:48  Missile Turret  
  63  14:50  Missile Turret  
  63  14:51  Missile Turret  
  62  14:53  Missile Turret x2  
  62  14:54  Missile Turret  
  62  14:55  Marine x2, Thor  
  70  15:01  Marine  
  70  15:05  Marine  
  71  15:08  Missile Turret  
  71  15:10  Missile Turret x2  
  71  15:13  Marine x2  
  73  15:19  Marine  
  71  15:23  Marine  
  71  15:30  Marine  
  71  15:31  Marine  
  72  15:37  Marine  
  72  15:39  Starport  
  72  15:41  Marine  
  74  15:48  Marine  
  75  15:50  Factory Reactor  
  75  15:55  Marine x2  
  77  15:58  Marine  
  77  15:59  Terran Vehicle Weapons Level 1  
  77  16:01  Missile Turret  
  77  16:04  Missile Turret  
  78  16:05  Missile Turret  
  78  16:06  Marine, Missile Turret  
  79  16:13  Marine  
  79  16:17  Marine  
  82  16:19  Orbital Command  
  82  16:24  Starport Reactor  
  78  16:35  Barracks Reactor  
  74  16:43  Marine x2  
  74  16:44  Terran Infantry Armor Level 3  
  74  16:46  Refinery  
  67  16:47  Refinery  
  57  16:54  SCV x2  
  57  17:01  Marine x2  
  58  17:04  Medivac x2  
  58  17:06  Barracks, SCV  
  58  17:08  SCV  
  64  17:13  Barracks Reactor  
  64  17:16  SCV  
  64  17:18  SCV, Marine  
  64  17:20  SCV, Marine x3  
  71  17:28  SCV  
  72  17:33  Barracks  
  72  17:35  Barracks  
  72  17:36  Marine  
  73  17:38  Marine x3  
  73  17:40  Orbital Command  
  73  17:42  Medivac x2  
  82  17:44  Widow Mine x2  
  84  17:51  Marine x2  
  84  17:54  Marine  
  84  17:56  Marine x2  
  84  17:57  SCV  
  91  18:00  Marine  
  91  18:02  Barracks Tech Lab  
  91  18:05  Barracks  
  91  18:06  SCV x2  
  91  18:09  Marine x2  
  78  18:21  Marine  
  78  18:22  Marauder  
  76  18:32  Marine  
  75  18:35  Marine  
  75  18:39  Marine  
  75  18:40  Marine  
  74  18:43  Marauder  
  74  18:44  Marine x3  
  74  18:47  Widow Mine x2  
  83  18:54  Refinery  
  82  18:59  Refinery  
  82  19:05  Marauder  
  78  19:10  Marine x2  
  78  19:17  Marine x2  
  76  19:18  Marine  
  76  19:19  Marine x3  
  77  19:26  Marauder  
  77  19:27  Marine  
  77  19:30  Marine  
  80  19:33  Marine  
  80  19:35  Marine x2  
  80  19:38  Marine  
  75  19:43  Marine x2  
  74  19:46  Marine  
  74  19:48  Marauder  
  74  19:50  Marine  
  75  20:02  Marine  
  75  20:03  Orbital Command  
  75  20:05  Barracks Tech Lab x3  
  75  20:06  Marine x2  
  75  20:08  Marine  
  75  20:09  Marauder, Marine  
  79  20:22  Marine  
  79  20:23  Marauder, Marine  
  82  20:30  Marauder, Marine  
  82  20:31  Marauder  
  77  20:46  Marine x4  
  77  20:49  Marauder, Marine x3  
  69  20:51  Marine  
  69  20:52  Marauder  
  56  21:04  Marine x4  
  56  21:06  Marine  
  60  21:13  Marauder  
  55  21:20  Marine x2  
  55  21:21  SCV  
  58  21:32  Marine x2  
  61  21:33  Marauder  
  61  21:34  Marauder  
  61  21:38  Orbital Command  
  64  21:42  Marine x2  
  64  21:43  Marine x3  
  69  21:47  Marine  
  69  21:54  Marauder, Marine x2  
  67  21:59  Marine  
  67  22:00  Marine x3  
  73  22:06  SCV  
  73  22:07  SCV  
  75  22:14  Marine x3  
  78  22:18  SCV  
  78  22:19  SCV  
  80  22:33  Marine x4  
  80  22:34  Marine x3  
  80  22:36  Marine  
  87  22:44  Marine x2  
  85  22:46  SCV  
  85  22:51  Marine  
  89  22:52  Marine x2  
  89  22:53  Marine  
  91  23:01  Marine x3  
  94  23:06  SCV x2  
  94  23:09  Medivac  
  94  23:10  Medivac  
  100  23:18  Marine x2  
  102  23:20  Marine  
  73  23:28  Marine x3  
  58  23:35  Marine x3  
  58  23:36  Marine x2  
  58  23:37  Marine  
  58  23:38  Marine  
  57  23:45  Medivac x2  
  57  23:46  Marine x3  
  64  23:52  Marine x2  
  66  23:56  Marine x3  
  66  24:02  Marine  
  70  24:03  Orbital Command  
  70  24:04  Marine x2  
  70  24:05  Marine x2  
  74  24:10  Marine x2  
  58  24:32  Marine x3  
  58  24:33  Marine x3  
  59  24:45  Marine x2  
  60  24:49  Marine  
  62  24:57  Marine x2  
  64  25:18  Marine x6  
  64  25:19  SCV x2  
  72  25:32  SCV  
  73  25:39  Marine  
  73  25:40  Marine x2, Orbital Command  
  73  25:41  Medivac  
  78  25:44  Medivac  
  78  26:02  Marine x3  
  74  26:04  Marine x2  
  74  26:05  SCV  
  76  26:12  Marine  
  76  26:13  Marine x2  
  76  26:17  SCV  
  81  26:25  SCV  
  81  26:32  Marine x5  
  86  26:42  Marine x3  
  86  26:43  Marine x2  
  89  26:49  Marine  
  73  27:19  Marine x5  
  73  27:20  Marine  
  47  27:25  Marine x3  
  48  27:36  Marine  
  41  27:37  Marine  
  39  27:46  Orbital Command  
  39  27:58  Marine x2  
Show
View Real Time Build Order
Export as new Build Order

wing Protoss - Winner!

Build Orders:  

Get SALT Encoding   

  1  0:00  Probe  
  12  0:05  Probe  
  14  0:18  Pylon  
  14  0:22  Probe  
  15  0:36  Probe  
  15  0:40  Gateway  
  16  0:46  Assimilator  
  16  0:49  Probe  
  17  1:01  Probe  
  18  1:05  Pylon  
  18  1:12  Probe  
  19  1:20  Probe  
  20  1:28  Probe  
  21  1:32  Gateway  
  21  1:36  Assimilator  
  21  1:39  Probe  
  21  1:44  Cybernetics Core  
  22  2:09  Probe  
  22  2:21  Probe  
  22  2:22  Stalker x2  
  27  2:39  Nexus  
  27  2:45  Warp Gate  
  27  2:52  Stalker x2, Pylon  
  31  3:18  Robotics Facility  
  31  3:38  Probe  
  32  3:46  Pylon  
  32  3:49  Probe  
  32  3:50  Probe  
  34  3:57  Probe  
  34  4:02  Probe  
  36  4:29  Immortal  
  40  4:34  Probe x2  
  40  4:36  Assimilator  
  42  4:39  Pylon  
  42  4:49  Shield Battery  
  42  4:51  Stargate  
  42  4:52  Probe x2  
  42  4:55  Assimilator  
  44  5:00  Probe x2  
  46  5:09  Observer, Probe  
  48  5:15  Gateway  
  48  5:29  Stargate  
  42  5:36  Immortal  
  42  5:42  Stalker x2  
  44  5:43  Void Ray  
  40  6:11  Stalker x2  
  44  6:44  Pylon  
  44  6:54  Void Ray  
  44  7:18  Nexus  
  44  7:25  Observer  
  44  7:29  Pylon  
  44  7:36  Pylon  
  44  7:41  Void Ray  
  44  7:46  Void Ray  
  52  8:19  Void Ray  
  52  8:23  Pylon  
  56  8:29  Void Ray  
  60  9:13  Pylon  
  60  9:15  Probe  
  61  9:27  Probe  
  62  9:34  Shield Battery, Void Ray x2  
  62  9:35  Shield Battery  
  70  9:39  Probe  
  70  10:04  Probe  
  70  10:05  Probe  
  70  10:12  Observer, Probe  
  70  10:13  Probe  
  73  10:17  Void Ray x2  
  82  10:21  Probe  
  83  10:35  Assimilator  
  83  10:37  Assimilator  
  83  10:38  Twilight Council  
  63  11:17  Charge  
  63  11:21  Templar Archives  
  63  11:23  Probe x2  
  65  11:33  Probe x2  
  67  11:41  Probe x2  
  67  11:44  Nexus  
  67  11:45  Immortal  
  67  11:46  Assimilator  
  73  11:49  Probe x2  
  73  11:51  Assimilator  
  75  12:03  Void Ray  
  79  12:23  Void Ray  
  79  12:52  High Templar x2  
  79  12:56  Immortal, Void Ray  
  87  13:31  Void Ray  
  83  13:51  Probe x3  
  86  13:57  Pylon  
  86  14:00  High Templar x2  
  86  14:01  Pylon  
  90  14:03  Probe x3  
  90  14:04  Robotics Facility  
  93  14:15  Probe  
  90  14:36  Immortal  
  90  14:38  Void Ray x2  
  102  14:59  High Templar  
  104  15:00  High Templar  
  106  15:21  Gateway  
  106  15:25  Gateway  
  106  15:27  Probe x3  
  109  15:28  Gateway  
  109  15:30  Gateway  
  109  15:33  Gateway  
  109  15:36  Immortal x2  
  117  15:58  Archon  
  117  16:05  Pylon  
  117  16:07  Pylon  
  117  16:11  Pylon  
  117  16:13  Pylon  
  117  16:14  Pylon  
  117  16:17  Pylon  
  117  16:22  Void Ray  
  117  16:23  Probe x2  
  117  16:25  Void Ray  
  127  16:32  Psionic Storm  
  127  16:39  Archon  
  114  16:40  Archon  
  66  17:01  High Templar x3  
  66  17:02  High Templar  
  66  17:05  Immortal x2  
  82  17:12  Void Ray  
  86  17:17  Zealot x2  
  90  17:30  Forge  
  90  17:37  Void Ray  
  94  17:56  High Templar  
  94  17:57  High Templar  
  98  18:00  Immortal  
  102  18:18  Nexus  
  94  18:22  Archon  
  92  18:31  Immortal  
  92  18:32  Void Ray x2  
  100  18:50  High Templar  
  102  18:57  Assimilator  
  102  19:05  Nexus  
  96  19:49  Immortal x2  
  96  19:50  Void Ray x2  
  112  20:26  Assimilator  
  112  20:28  Stalker x4  
  116  20:29  Stalker x2  
  116  20:31  Assimilator  
  116  20:34  Immortal x2  
  116  20:35  Void Ray  
  136  20:45  Archon  
  106  21:01  Void Ray  
  82  21:13  Immortal  
  82  21:14  Zealot x6  
  82  21:28  Pylon  
  82  21:29  Probe x4  
  86  21:35  Probe  
  87  21:40  Robotics Facility  
  87  21:41  Probe x3, Stargate  
  87  21:42  Pylon, Probe  
  87  21:46  Gateway  
  89  21:47  Probe  
  89  21:48  Gateway, High Templar  
  89  21:49  High Templar  
  89  21:50  High Templar x2  
  89  21:51  Zealot x2  
  89  21:52  Zealot  
  89  21:53  Probe  
  91  21:54  Pylon  
  83  22:03  Immortal x2  
  90  22:10  Archon  
  90  22:16  High Templar  
  90  22:19  Zealot x2  
  86  22:45  Immortal x3  
  86  22:49  Zealot  
  86  22:50  Zealot x6  
  86  22:51  Zealot  
  90  23:34  Archon  
  88  23:37  Immortal x3  
  88  23:38  Void Ray x2  
  88  23:41  Zealot x5  
  109  23:42  Zealot  
  119  24:03  Void Ray  
  119  24:09  High Templar  
  97  24:36  Zealot x3  
  97  24:37  High Templar  
  85  24:42  Immortal  
  85  24:44  Zealot x4  
  83  25:19  High Templar  
  83  25:20  High Templar  
  87  25:21  Zealot  
  87  25:22  Zealot x5  
  99  25:39  Probe x4  
  103  25:49  High Templar  
  105  25:51  Probe x4  
  105  25:55  Nexus  
  91  26:03  Probe x4  
  81  26:15  Probe x4  
  85  26:27  Probe x4, Assimilator  
  89  26:33  Assimilator  
  79  27:05  Immortal x2  
  59  27:40  High Templar  
  59  27:41  High Templar  
  63  27:44  Zealot x4  
  63  27:46  Probe  
  66  28:03  Archon  
Tags
 
Add a new tag
Caveats
  • Supply blocks, unpowered buildings, or Contaminate may cause inaccurate times.
  • Supply counts are checked every 10 seconds.